 Dungeon Crawl Stone Soup version 0.28.0-45-g0d030f2227 (webtiles) character file.

Game seed: 9967195994867998375

391 MisterFreud the Covert (level 6, -3/53 HPs)
             Began as a Gnoll Delver on May 14, 2022.
             Was an Initiate of Hepliaklqana.
             Slain by an ogre
             ... wielding a +0 giant club
              (24 damage)
             ... on level 3 of the Dungeon.
             The game lasted 00:06:26 (2966 turns).

MisterFreud the Covert (Gnoll Delver)               Turns: 2966, Time: 00:06:27

Health: -3/53      AC:  3    Str: 11    XL:     6   Next: 80%
Magic:  9/9        EV: 13    Int: 12    God:    Hepliaklqana [......]
Gold:   57         SH:  0    Dex: 13    Spells: 9/9 levels left

rFire   . . .      SeeInvis .   k - +3 demon blade (venom)
rCold   . . .      Faith    .   (no shield)
rNeg    . . .      Spirit   .   b - +0 leather armour
rPois   .          Reflect  .   (no helmet)
rElec   .          Harm     .   (no cloak)
rCorr   .          Rampage  .   (no gloves)
Will    .....                   (no boots)
Stlth   ++++......              (no amulet)
HPRegen 0.17/turn               (no ring)
MPRegen 0.11/turn               (no ring)

@: no status effects
A: fangs 1, strong nose, distributed training
a: Renounce Religion


You were on level 3 of the Dungeon.
You worshipped Hepliaklqana.
Hepliaklqana was noncommittal.
You visited 1 branch of the dungeon, and saw 4 of its levels.
You also visited: Sewer and Ossuary.

You collected 57 gold pieces.

Inventory:

Hand Weapons
 a - a +0 short sword
 k - a +3 demon blade of venom (weapon)
Missiles
 l - 5 poisoned darts (quivered)
Armour
 b - a +0 leather armour (worn)
Wands
 g - a wand of digging (3)
Scrolls
 c - a scroll of fog
 e - 3 scrolls of fear
 m - a scroll of teleportation {unknown}
Potions
 d - a potion of degeneration {unknown}
 f - 3 potions of curing {unknown}
 h - 2 potions of might
 i - 4 potions of brilliance
 j - a potion of lignification {unknown}


   Skills:
 + Level 6.9 Fighting
 + Level 5.0 Short Blades
 + Level 2.1 Long Blades
 + Level 2.1 Axes
 + Level 2.1 Maces & Flails
 + Level 2.1 Polearms
 + Level 2.1 Staves
 + Level 2.1 Slings
 + Level 2.1 Bows
 + Level 2.1 Crossbows
 + Level 2.1 Throwing
 + Level 2.1 Armour
 + Level 5.0 Dodging
 + Level 9.8 Stealth
 + Level 2.1 Shields
 + Level 2.1 Unarmed Combat
 + Level 2.1 Spellcasting
 + Level 1.6 Conjurations
 + Level 1.6 Hexes
 + Level 1.6 Summonings
 + Level 1.6 Necromancy
 + Level 1.6 Translocations
 + Level 1.6 Transmutations
 + Level 1.6 Fire Magic
 + Level 1.6 Ice Magic
 + Level 1.6 Air Magic
 + Level 1.6 Earth Magic
 + Level 1.6 Poison Magic
 + Level 2.3 Invocations
 + Level 2.1 Evocations


You had 9 spell levels left.
You didn't know any spells.
Your spell library contained the following spells:

 Spells                   Type           Power      Damage    Failure   Level
 Shock                    Conj/Air       20%        1d4       19%         1
 Gell's Gravitas          Tloc           5%         N/A       47%         3
 Lesser Beckoning         Tloc           5%         N/A       47%         3
 Swiftness                Air            5%         N/A       47%         3
 Teleport Other           Tloc           5%         N/A       47%         3
 Airstrike                Air            2%         N/A       87%         4


Dungeon Overview and Level Annotations

Branches:
Dungeon (6/15)             Temple (0/1) D:6           Sewer (visited)
Ossuary (visited)

Altars:
Cheibriados
Fedhas
Hepliaklqana

Shops:
D:3 [

Annotations:
D:5 1 transporter


Innate Abilities, Weirdness & Mutations

You have very sharp teeth.
Your uncanny sense of smell can sniff out nearby items.
Your experience applies equally to all skills.


Message History

The hound is moderately wounded.
The hound bites you. x2
You slash the hound!
You kill the hound!
No target in view!
There is a stone staircase leading up here.
You climb upwards.
Found a potion of brilliance.
There is a stone staircase leading down here.
HP restored.
i - 4 potions of brilliance (gained 1)
You pick up a book of Displacement and begin reading...
You add the spells Lesser Beckoning, Gell's Gravitas and Teleport Other to your library.
Found a hand axe.
You see here a +0 hand axe.
You open the door.
A kobold comes into view. It is wielding a +0 club.
Found Zios's Armour Shop.
A kobold is nearby!
No reachable target in view!
No reachable target in view!
There is an open door here.
An ogre comes into view. It is wielding a +0 giant club.
No reachable target in view!
No reachable target in view!
There is an entrance to Zios's Armour Shop here.
The ogre shouts!
A rat comes into view.
The kobold shouts!
You slash the ogre!
The ogre looks as sick as possible!
The ogre is heavily wounded.
The ogre hits you with a +0 giant club!!
Ouch! That really hurt!
You barely miss the ogre.
The ogre is severely wounded.
The ogre misses you.
You hit the ogre.
The ogre is almost dead.
The ogre hits you with a +0 giant club!!
You die...

#.# . #.#
.#
####.###.
....#..
#K.#'#
##..#.#
#r###.###
#.O@.∩..+
#.###.###
.. #.#.#
..#
#'#......
##
#.#######
#.# #.#
#.# #.#


You could see an ogre (very poisoned), a kobold and a rat.

Vanquished Creatures
  A centaur (D:6)
  2 water moccasin zombies (Ossuary)
  2 hounds (D:4)
  2 mummies (Ossuary)
  An adder (D:4)
  7 ufetubi
  An adder skeleton (D:4)
  8 adder zombies (Ossuary)
  A dart slug (D:4)
  An endoplasm (D:4)
  5 giant cockroaches
  3 gnoll zombies (Ossuary)
  2 ball pythons
  7 hobgoblin zombies (Ossuary)
  8 kobolds
  A kobold zombie (Ossuary)
  7 orc zombies (Ossuary)
59 creatures vanquished.

Notes
Turn   | Place    | Note
-------+----------+-------------------------------------------
     0 | D:5      | Reached skill level 9 in Stealth
     0 | D:5      | MisterFreud the Gnoll Delver began the quest for the Orb.
     0 | D:5      | Reached XP level 1. HP: 23/23 MP: 1/1
     4 | D:5      | Found a transporter.
   119 | D:6      | Noticed a centaur
   121 | D:6      | Killed a centaur
   122 | D:6      | Reached skill level 1 in Long Blades
   122 | D:6      | Reached skill level 1 in Axes
   122 | D:6      | Reached skill level 1 in Maces & Flails
   122 | D:6      | Reached skill level 1 in Polearms
   122 | D:6      | Reached skill level 1 in Staves
   122 | D:6      | Reached skill level 1 in Slings
   122 | D:6      | Reached skill level 1 in Bows
   122 | D:6      | Reached skill level 1 in Crossbows
   122 | D:6      | Reached skill level 1 in Throwing
   122 | D:6      | Reached skill level 1 in Armour
   122 | D:6      | Reached skill level 1 in Shields
   122 | D:6      | Reached skill level 1 in Unarmed Combat
   122 | D:6      | Reached skill level 1 in Spellcasting
   122 | D:6      | Reached skill level 1 in Invocations
   122 | D:6      | Reached skill level 1 in Evocations
   122 | D:6      | Reached XP level 2. HP: 29/29 MP: 1/3
   122 | D:6      | Reached XP level 3. HP: 35/35 MP: 1/4
   122 | D:6      | Reached XP level 4. HP: 41/41 MP: 1/5
   139 | D:6      | Found a sand-covered staircase.
   145 | Ossuary  | Entered an ossuary
   198 | Ossuary  | Reached skill level 1 in Conjurations
   198 | Ossuary  | Reached skill level 1 in Hexes
   198 | Ossuary  | Reached skill level 1 in Summonings
   198 | Ossuary  | Reached skill level 1 in Necromancy
   198 | Ossuary  | Reached skill level 1 in Translocations
   198 | Ossuary  | Reached skill level 1 in Transmutations
   198 | Ossuary  | Reached skill level 1 in Fire Magic
   198 | Ossuary  | Reached skill level 1 in Ice Magic
   198 | Ossuary  | Reached skill level 1 in Air Magic
   198 | Ossuary  | Reached skill level 1 in Earth Magic
   198 | Ossuary  | Reached skill level 1 in Poison Magic
   558 | Ossuary  | Reached XP level 5. HP: 41/47 MP: 6/6
   686 | Ossuary  | Reached XP level 6. HP: 12/53 MP: 8/8
  1071 | Ossuary  | HP: 2/53 [mummy (15)]
  1544 | D:5      | Found a blossoming altar of Fedhas.
  1634 | D:4      | Found a hazy altar of Hepliaklqana.
  1680 | D:4      | Found a snail-covered altar of Cheibriados.
  1704 | D:4      | Found a glowing drain.
  1708 | Sewer    | Entered a sewer
  2262 | Sewer    | Reached skill level 5 in Short Blades
  2262 | Sewer    | Reached skill level 5 in Dodging
  2382 | Sewer    | Identified a scroll of acquirement
  2382 | Sewer    | Acquired a +3 demon blade of venom
  2804 | D:4      | Became a worshipper of Hepliaklqana the Forgotten
  2954 | D:3      | Found Zios's Armour Shop.
  2966 | D:3      | Slain by an ogre

Illustrated notes

Levels and vault maps discovered:
D:3:      layout_loops_ring, grunt_temple_overflow_gold_and_silver,
          kennysheep_okawaru_gauntlet, serial_shops, nicolae_shop_hallway_plus,
          kennysheep_potato
D:4:      layout_basic, kennysheep_slug_shrine, nicolae_dithmenos_shadow_blocks,
          nzn_hepliaklqana_mist_gate, gup_sewer_entry_bowl, item_on_display_a
D:5:      gammafunk_cloud_chamber, layout_basic, lemuel_blue_sif_altar,
          lemuel_tele_altar, grunt_ministairs_8, nicolae_grassy_gnolls
D:6:      layout_loops_ring, temple_statues, nicolae_ossuary_entry_plus,
          grunt_ministairs_7

Skill      XL: |  1  2  3  4  5  6 |
---------------+-------------------+-----
Stealth        | |  9.8
Long Blades    | 1 2 |  2.1
Axes           | 1 2 |  2.1
Maces & Flails | 1 2 |  2.1
Polearms       | 1 2 |  2.1
Staves         | 1 2 |  2.1
Slings         | 1 2 |  2.1
Bows           | 1 2 |  2.1
Crossbows      | 1 2 |  2.1
Throwing       | 1 2 |  2.1
Armour         | 1 2 |  2.1
Shields        | 1 2 |  2.1
Unarmed Combat | 1 2 |  2.1
Spellcasting   | 1 2 |  2.1
Invocations    | 1 2 |  2.3
Evocations     | 1 2 |  2.1
Conjurations   | 1 |  1.6
Hexes          | 1 |  1.6
Summonings     | 1 |  1.6
Necromancy     | 1 |  1.6
Translocations | 1 |  1.6
Transmutations | 1 |  1.6
Fire Magic     | 1 |  1.6
Ice Magic      | 1 |  1.6
Air Magic      | 1 |  1.6
Earth Magic    | 1 |  1.6
Poison Magic   | 1 |  1.6
Short Blades   | 5 |  5.0
Dodging        | 5 |  5.0
Fighting       | |  6.9

Action                   |  1- 3 |  4- 6 || total
-------------------------+-------+-------++-------
Melee: Short sword       |     8 |   326 ||   334
       Bite              |       |    34 ||    34
       Punch             |       |    10 ||    10
       Demon blade       |       |    15 ||    15
  Use: Scroll            |       |     5 ||     5
       Potion            |       |     1 ||     1
 Stab: Sleeping          |     1 |     4 ||     5
       Distracted        |       |     1 ||     1
Armor: Leather armour    |     1 |    57 ||    58
Dodge: Dodged            |    11 |   202 ||   213
